 Dungeon Crawl Stone Soup version 0.23.2-33-g5129a83184 (webtiles) character file.

Game seed: 6860936693569068279

1115 FishyPogo the Grave Robber (level 8, -3/63 HPs)
             Began as a Ghoul Necromancer on July 22, 2019.
             Was a Follower of Nemelex Xobeh.
             Slain by a black mamba (10 damage)
             ... on level 4 of the Dungeon.
             The game lasted 01:19:59 (3965 turns).

FishyPogo the Grave Robber (Ghoul Necromancer)      Turns: 3965, Time: 01:20:16

Health: -3/63      AC:  5    Str: 12      XL:     8   Next: 34%
Magic:  13/13      EV: 13    Int: 10 (12) God:    Nemelex Xobeh [*.....]
Gold:   244        SH:  0    Dex:  8 (9)  Spells: 10/15 levels left

rFire    . . .     SeeInvis .   b - +4 quarterstaff (chaos)
rCold    + . .     Gourm    .   (shield currently unavailable)
rNeg     + + +     Faith    .   o - +0 animal skin
rPois    ∞         Spirit   .   k - +0 helmet
rElec    .         Reflect  .   v - +0 cloak
rCorr    .         Harm     .   l - +0 pair of gloves
MR       .....                  (no boots)
Stlth    ++........             (no amulet)
HPRegen  0.00/turn              (no ring)
MPRegen  0.13/turn              (no ring)

@: rotting
A: rotting body, claws 1, carnivore, cold resistance 1, negative energy
resistance 3, inhibited regeneration, torment resistance, unbreathing
a: Draw Escape, Draw Destruction, Draw Summoning, Renounce Religion


You were on level 4 of the Dungeon.
You worshipped Nemelex Xobeh.
Nemelex Xobeh was aware of your devotion.
You were not hungry.

You visited 1 branch of the dungeon, and saw 4 of its levels.

You collected 244 gold pieces.

Inventory:

Hand Weapons
 a - a +4 hand axe of chopping
 b - a +4 quarterstaff of chaos (weapon)
 e - a +3 scythe of venom
 f - a +1 dire flail of protection
Armour
 g - a +0 leather armour
 i - a +2 shield
 k - a +0 helmet (worn)
 l - a +0 pair of gloves (worn)
 o - a +0 animal skin (worn)
 v - a +0 cloak (worn)
Scrolls
 j - 3 scrolls of identify
 p - a scroll of fog
 r - a scroll of remove curse {unknown}
Potions
 h - a potion of brilliance
 m - a potion of might {unknown}
 n - 2 potions of mutation
 q - 2 potions of curing
 s - a potion of degeneration {unknown}
Comestibles
 c - 6 rations
 d - a chunk of flesh


   Skills:
 + Level 3.1 Fighting
 + Level 2.3 Axes
 + Level 3.5 Dodging
 + Level 4.1 Stealth
 * Level 4.1 Spellcasting
 * Level 6.1 Necromancy
 + Level 3.0 Invocations


You had 10 spell levels left.
You knew the following spells:

 Your Spells              Type           Power        Failure   Level  Hunger
a - Pain                  Necr           ##..         1%          1    #......
b - Animate Skeleton      Necr           N/A          1%          1    #......
c - Regeneration          Chrm/Necr      #.........   22%         3    ###....

Your spell library contained the following spells:

 Spells                   Type           Power        Failure   Level  Hunger
 Vampiric Draining        Necr           ##........   6%          3    ###....
 Animate Dead             Necr           N/A          21%         4    #####..
 Shock                    Conj/Air       #...         26%         1    #......
 Swiftness                Chrm/Air       #.......     36%         2    ##.....
 Static Discharge         Conj/Air       #.......     58%         3    ###....
 Airstrike                Air            #.........   94%         4    #####..
 Lightning Bolt           Conj/Air       #.........   100%        5    ######.


Dungeon Overview and Level Annotations

Branches:
Dungeon (4/15)
 Temple: D:4-7

Altars:
Elyvilon
Nemelex Xobeh
Qazlal
Wu Jian
The Shining One


Innate Abilities, Weirdness & Mutations

Your body is rotting away.
You thrive on raw meat.
You are immune to poison.
You have sharp fingernails.
You are carnivorous and can eat meat at any time.
Your flesh is cold resistant. (rC+)
You are immune to negative energy. (rN+++)
You do not regenerate when monsters are visible.
You are immune to unholy pain and torment.
You can survive without breathing.


Message History

Your body decomposes!
You feel clumsy. The hippogriff completely misses you.
The hippogriff pecks you! The hippogriff claws you.
As you read the scroll labeled JUDOVI ZAALOH, it crumbles to dust.
The scroll dissolves into smoke.
It was a scroll of fog.
The hippogriff barely misses you. The hippogriff pecks you.
The hippogriff closely misses you.
It was a potion of cancellation.
You feel magically purged. The hippogriff bites you.
* * * LOW HITPOINT WARNING * * *
The hippogriff completely misses you.
The hippogriff claws you but does no damage.
You thump the hippogriff!
The hippogriff evaporates and reforms as a black mamba!
The black mamba bites you!
* * * LOW HITPOINT WARNING * * *
The black mamba bites you!
You die...
Your body disappears without a glow.

#.#.#.#
#......................
##.#.##
#######....#...........
#.###.#
##....#.........##
##.#.## ##
#...............#
#.#.#.# #.
#.###.#.........#
##.#.##
#.####.##............##
#.###.#
#).#...##§...##.####...
##.#Z##
#..§###§§....#<# ####
#.#.# #..§§@S§§...%...
##.#Z##
##.###§##.......
#.###Z# #.###§#........
##.#Z## #.....# ......
#.#.# ####....#.......
##.#Z##
#.##.##.........
#.###Z#
#......#.......H...
##.#Z##
#......###........#
#.#.#
#......##..........


You could see a black mamba.

Vanquished Creatures
  Sigmund (D:4)
  Edmund (D:4)
  2 ogres (D:4)
  2 bullfrog skeletons (D:4)
  2 hounds (D:4)
  Crazy Yiuf (D:3)
  Terence (D:3)
  A hound skeleton (D:4)
  7 adders
  A worm (D:3)
  3 leopard geckos
  3 orcs (D:3)
  2 ball pythons
  A giant cockroach (D:3)
  3 hobgoblins
  4 jackals (D:1)
  7 bats
  4 frilled lizards
  11 goblins
  7 kobolds
  A leopard gecko skeleton (D:4)
  3 rats
68 creatures vanquished.

Vanquished Creatures (collateral kills)
  Grinder (D:4)
  Menkaure (D:4)
  An orc priest (D:3)
  Robin (D:4)
  A howler monkey skeleton (D:4)
  An adder (D:3)
  An adder skeleton (D:4)
  A worm (D:4)
  An orc (D:3)
  5 goblins
  2 hobgoblins (D:4)
  A bat (D:1)
17 creatures vanquished.

Vanquished Creatures (others)
  Eustachio (D:4)
1 creature vanquished.

Grand Total: 86 creatures vanquished

Notes
Turn   | Place    | Note
-------+----------+-------------------------------------------
     0 | D:1      | FishyPogo the Ghoul Necromancer began the quest for the
                  | Orb.
     0 | D:1      | Reached XP level 1. HP: 14/14 MP: 2/2
    54 | D:1      | Learned a level 1 spell: Animate Skeleton
   178 | D:1      | Reached XP level 2. HP: 14/19 MP: 1/3
   818 | D:2      | Found a sparkling altar of Nemelex Xobeh.
  1113 | D:2      | Found an ornate altar of the Wu Jian Council.
  1133 | D:2      | Became a worshipper of Nemelex Xobeh the Trickster
  1143 | D:2      | Reached XP level 3. HP: 12/25 MP: 0/5
  1498 | D:2      | Received a gift from Nemelex Xobeh
  1849 | D:2      | Reached XP level 4. HP: 34/34 MP: 6/6
  2157 | D:3      | Found a white marble altar of Elyvilon.
  2328 | D:3      | Reached skill level 1 in Fighting
  2500 | D:3      | Reached XP level 5. HP: 34/40 MP: 5/7
  2526 | D:3      | Learned a level 3 spell: Regeneration
  2539 | D:3      | Noticed Terence
  2544 | D:3      | Found a runed translucent door.
  2545 | D:3      | Noticed Crazy Yiuf
  2570 | D:3      | Killed Crazy Yiuf
  2570 | D:3      | Reached skill level 1 in Invocations
  2906 | D:3      | Killed Terence
  3109 | D:3      | Found a glowing golden altar of the Shining One.
  3191 | D:4      | Reached skill level 1 in Axes
  3191 | D:4      | Reached skill level 5 in Necromancy
  3223 | D:4      | Noticed Edmund
  3228 | D:4      | Noticed Sigmund
  3247 | D:4      | Killed Sigmund
  3247 | D:4      | Reached XP level 6. HP: 27/48 MP: 6/9
  3454 | D:4      | Killed Edmund
  3454 | D:4      | Reached XP level 7. HP: 20/53 MP: 5/10
  3473 | D:4      | Noticed Grinder
  3514 | D:4      | Reached * piety under Nemelex Xobeh
  3514 | D:4      | Received a gift from Nemelex Xobeh
  3518 | D:4      | Killed Grinder
  3693 | D:4      | Noticed Robin
  3693 | D:4      | Noticed Menkaure
  3696 | D:4      | Reached XP level 8. HP: 62/62 MP: 7/12
  3706 | D:4      | Killed Robin
  3716 | D:4      | Killed Menkaure
  3716 | D:4      | Reached skill level 6 in Necromancy
  3884 | D:4      | Noticed Eustachio
  3906 | D:4      | Found a stormy altar of Qazlal.
  3913 | D:4      | Noticed a hippogriff
  3955 | D:4      | Killed Eustachio
  3965 | D:4      | Noticed a black mamba
  3965 | D:4      | a hippogriff changed into a black mamba
  3965 | D:4      | Slain by a black mamba

Skill      XL: |  1  2  3  4  5  6  7  8 |
---------------+-------------------------+-----
Dodging        | 2 3 |  3.5
Spellcasting   | 2 3 4 |  4.1
Fighting       | 1 2 3 |  3.1
Invocations    | 1 2 3 |  3.0
Axes           | 1 2 |  2.3
Necromancy     | 5 6 |  6.1
Stealth        | 3 4 |  4.1

Action                   |  1- 3 |  4- 6 |  7- 9 || total
-------------------------+-------+-------+-------++-------
Melee: Whip              |    35 |       |       ||    35
       Hand axe          |    28 |     4 |    13 ||    45
       Mace              |       |    21 |       ||    21
       Quarterstaff      |       |    22 |    25 ||    47
 Cast: Pain              |    42 |    39 |    22 ||   103
       Animate Skeleton  |    13 |    10 |     9 ||    32
       Regeneration      |       |     1 |       ||     1
 Abil: Draw Destruction  |       |     2 |     6 ||     8
       Draw Summoning    |       |     1 |     2 ||     3
       Draw Escape       |       |       |     2 ||     2
  Use: Scroll            |     4 |     3 |     1 ||     8
       Potion            |       |     3 |     2 ||     5
  Eat: Chunk             |     6 |    19 |     8 ||    33
Armor: Robe              |    16 |       |       ||    16
       Leather armour    |     8 |    15 |    12 ||    35
       Animal skin       |       |       |     5 ||     5
Dodge: Dodged            |    58 |    56 |    28 ||   142
